 Dungeon Crawl Stone Soup version 0.31-a0-819-gf6de2f5ab6 (webtiles) character file.

Game seed: 9525241873449696981

89 qw the Shooter (level 4, -5/28 HPs)
             Began as a Gargoyle Hunter on Sept 23, 2023.
             Slain by an iguana (9 damage)
             ... on level 2 of the Dungeon.
             The game lasted 00:00:35 (1221 turns).

qw the Shooter (Gargoyle Hunter)                    Turns: 1221, Time: 00:00:36

Health: -5/28      AC:  7    Str: 14    XL:     4   Next: 55%
Magic:  4/4        EV: 11    Int: 10    God:
Gold:   120        SH:  0    Dex: 15    Spells: 3/3 levels left

rFire   . . .        Y - +0 shortbow
rCold   . . .        (shield currently unavailable)
rNeg    + . .        c - +0 leather armour
rPois   inf          (no helmet)
rElec   +            d - +0 cloak
rCorr   .            (no gloves)
SInv    .            (no boots)
Will    .....        (no amulet)
Stlth   ++           (no ring)
HPRegen 0.24/turn    (no ring)
MPRegen 0.09/turn

%: no passive effects
@: no status effects
A: sickness immunity, AC +3, negative energy resistance 1, electricity
resistance, torment resistance 1, petrification resistance
a: no special abilities


You were on level 2 of the Dungeon.
You visited 1 branch of the dungeon, and saw 2 of its levels.

You collected 120 gold pieces.


Innate Abilities, Weirdness & Mutations

You are immune to sickness and miasma.
Your stone body is resilient. (AC +3)
You are immune to poison.
You resist negative energy. (rN+)
You are resistant to electric shocks. (rElec)
You are resistant to unholy torment.
You are immune to petrification.


   Skills:
 - Level 3.0 Fighting
 + Level 5.5 Ranged Weapons
 - Level 1.5 Dodging
 - Level 1.1 Stealth


You had 3 spell levels left.
You didn't know any spells.
Your spell library was empty.

Inventory:

Hand Weapons
 Y - a +0 shortbow (weapon)
Armour
 a - a +1 helmet
 c - a +0 leather armour (worn)
 d - a +0 cloak (worn)
Jewellery
 e - an amulet of regeneration
Potions
 b - a potion of invisibility {unknown}
 h - 2 potions of heal wounds {unknown}
 i - a potion of attraction {unknown}
 j - a potion of enlightenment {unknown}
 k - a potion of might {unknown}

Dungeon Overview and Level Annotations

Branches:
Dungeon (2/15)

Altars:

Shops:
D:1 [


Message History

You shoot an arrow. The arrow barely misses the iguana.
The iguana bites you but does no damage.
You shoot an arrow. The arrow hits the iguana.
The iguana is moderately wounded.
The iguana misses you.
You shoot an arrow.
The arrow hits the iguana but does no damage.
The iguana is moderately wounded.
The iguana bites you but does no damage.
The dart slug launches a dart at you.
The slug dart hits you but does no damage.
You shoot an arrow. The arrow hits the iguana!
The iguana is severely wounded.
The iguana bites you but does no damage.
The dart slug launches a dart at you.
The slug dart hits you but does no damage.
You shoot an arrow. The arrow hits the iguana.
The iguana is almost dead.
The iguana bites you!
You shoot an arrow. The arrow barely misses the iguana.
The iguana barely misses you.
The iguana bites you but does no damage.
You shoot an arrow. The arrow barely misses the iguana.
The dart slug launches a dart at you. The slug dart hits you.
The iguana barely misses you.
You shoot an arrow. The arrow barely misses the iguana.
The iguana closely misses you. The dart slug launches a dart at you.
The slug dart hits you but does no damage.
You shoot an arrow. The arrow barely misses the iguana.
The iguana bites you! The dart slug launches a dart at you.
The slug dart misses you.
You shoot an arrow. The arrow barely misses the iguana.
The iguana barely misses you.
You shoot an arrow.
The arrow hits the iguana but does no damage.
The iguana is almost dead.
The iguana bites you!
You die...

#.# ###.#.............#.#.#
#.# #.....##.##.....###.#.#
#.######.###%##.##.....# #.#.#
#........# #.##.####..####.[.#
#..#####.###.##..............#
#..# #......#######.######.#
#..# ######.# #.# #.# #..# #.#
..# #.# #..# #@# .... ... #...
......lw........# ... ##.%
........#######.# #.#
#..###..# #.# #.# #. #..# ...#
.... #..##


You could see an iguana and a dart slug.

Vanquished Creatures
  Robin (D:2)
  2 adders (D:2)
  2 dart slugs
  5 ball pythons
  3 endoplasms
  2 giant cockroaches
  14 goblins
  7 hobgoblins
  A kobold (D:1)
  3 quokkas (D:1)
  7 bats
  2 frilled lizards (D:1)
  3 rats
52 creatures vanquished.

Notes
Turn   | Place    | Note
-------+----------+-------------------------------------------
     0 | D:1      | qw the Gargoyle Hunter began the quest for the Orb.
     0 | D:1      | Reached XP level 1. HP: 12/12 MP: 1/1
     0 | D:1      | 0 ||| qw: Version: 0.3-a-83-gcd0e7d8
     0 | D:1      | 0 ||| qw: Game counter: 1499
     0 | D:1      | 0 ||| qw: Melee chars always use a shield: true
     0 | D:1      | 0 ||| qw: God list: Okawaru
     0 | D:1      | 0 ||| qw: Allow faded altars: false
     0 | D:1      | 0 ||| qw: Do Orc after clearing Dungeon:15 true
     0 | D:1      | 0 ||| qw: Do second Lair branch before Depths: true
     0 | D:1      | 0 ||| qw: Lair rune preference: random
     0 | D:1      | 0 ||| qw: Goals: Normal
     0 | D:1      | 0 ||| PLANNING D:1-11
    49 | D:1      | Found a faded altar of an unknown god.
   146 | D:1      | Reached XP level 2. HP: 17/17 MP: 2/2
   336 | D:1      | Found Zeuz's Armour Boutique.
   343 | D:1      | 343 ||| SHOPLISTING +0 ring mail (40 gold, have 35).
   607 | D:1      | Reached XP level 3. HP: 21/21 MP: 3/3
   635 | D:1      | Reached skill level 5 in Ranged Weapons
   741 | D:1      | 741 ||| UPGRADING to +0 cloak.
   746 | D:1      | 746 ||| READING scroll labelled BOAMIAXKIRUF.
   762 | D:1      | 762 ||| READING scroll labelled TUCUXOUDWI.
   763 | D:1      | 763 ||| DRINKING 2 lumpy orange potions.
   773 | D:1      | 773 ||| DROPPING scroll of butterflies.
   774 | D:1      | 774 ||| DROPPING potion of ambrosia.
   964 | D:2      | 964 ||| FLEEEEING.
   985 | D:2      | Noticed Robin
   993 | D:2      | Reached skill level 3 in Fighting
  1000 | D:2      | Killed Robin
  1001 | D:2      | Reached XP level 4. HP: 24/28 MP: 4/4
  1219 | D:2      | HP: 3/28 [iguana (11)]
  1221 | D:2      | Slain by an iguana

Levels and vault maps discovered:
D:1:      eino_arrival_water_star, layout_basic, serial_shops,
          nicolae_shop_window_shopping, shapermc_ecumenical_altar_notcrosses,
          minmay_pentomino_v2
D:2:      layout_loops_ring, uniq_robin

Skill      XL: |  1  2  3 |
---------------+----------+-----
Ranged Weapons | 5 |  5.5
Fighting       | 3 |  3.0
Dodging        | |  1.5
Stealth        | |  1.1

Action                     |  1- 3 |  4- 6 || total
---------------------------+-------+-------++-------
   Fire: Shortbow          |    91 |    55 ||   146
    Use: Scroll            |     2 |       ||     2
         Potion            |     1 |       ||     1
 Armour: Leather armour    |    31 |    26 ||    57
  Dodge: Dodged            |    25 |    22 ||    47

Table legend:
 A = Non-vault XP
 B = Vault XP
 C = Vault XP percentage of total XP
 D = Non-vault monster count
 E = Vault monster count
 F = Vault count percentage of total count
                 A         B        C        D         E       F
            +---------+---------+-------+---------+---------+-------
      Total |      89 |      39 |  30.5 |      38 |      14 |  26.9
            +---------+---------+-------+---------+---------+-------
        D:1 |      39 |       3 |   7.1 |      23 |       2 |   8.0
        D:2 |      50 |      36 |  41.9 |      15 |      12 |  44.4
            +---------+---------+-------+---------+---------+-------
